Map: Paladino Terminal LE

Players

Railgan - Winner!

  • Race: Zerg Zerg
  • League: Grandmaster
  • Spawn Location: 5:00

AviloBunkBed

  • Race: Protoss Protoss
  • League: Grandmaster
  • Spawn Location: 9:00

VOD

Have the link to the VOD?

Description

Time

  • Played on: Feb. 22, 2017, 6:53 p.m.
  • Length: 14:40
Show
View Real Time Build Order
Export as new Build Order

Railgan Zerg - Winner!

Build Orders: Pool First 

Get SALT Encoding   

  12  0:01  Drone  
  13  0:23  Spawning Pool  
  13  0:26  Drone  
  13  0:30  Drone  
  14  0:41  Extractor, Drone  
  15  0:45  Overlord  
  15  1:10  Zergling x6  
  18  1:24  Zergling x2  
  19  1:27  Hatchery  
  18  1:34  Queen  
  18  1:37  Drone  
  21  1:51  Drone  
  21  1:53  Extractor  
  21  1:58  Overlord  
  21  2:05  Drone  
  22  2:20  Drone, Queen  
  25  2:27  Drone  
  26  2:38  Drone  
  24  2:45  Drone  
  24  2:46  Queen  
  24  2:48  Drone  
  27  2:53  Drone  
  27  2:54  Drone x2  
  27  2:55  Drone  
  31  3:00  Spore Crawler  
  31  3:04  Spore Crawler  
  29  3:08  Metabolic Boost  
  29  3:13  Drone  
  29  3:16  Drone  
  31  3:23  Drone  
  31  3:25  Overlord  
  32  3:31  Zergling x4  
  32  3:33  Zergling x2  
  35  3:36  Zergling x2  
  36  3:43  Lair  
  36  3:45  Drone  
  37  3:55  Drone x2  
  37  4:12  Drone x4  
  39  4:28  Drone x4, Overlord  
  43  4:41  Overlord  
  43  4:45  Extractor  
  42  4:46  Extractor  
  42  4:52  Drone x3  
  44  4:53  Drone x2  
  44  4:55  Drone x2  
  44  4:56  Infestation Pit  
  44  4:58  Hatchery  
  44  5:06  Drone x6  
  49  5:13  Zergling x4  
  51  5:24  Extractor, Zergling x4  
  53  5:28  Zergling x4  
  53  5:30  Evolution Chamber  
  53  5:32  Evolution Chamber  
  53  5:34  Drone  
  53  5:35  Drone  
  54  5:36  Zergling x2  
  54  5:37  Infestation Pit  
  54  5:40  Zergling x4  
  54  5:42  Zergling x2  
  57  5:46  Zergling x2  
  56  5:52  Zergling x2  
  55  6:01  Drone  
  53  6:05  Drone x4  
  53  6:06  Zerg Melee Weapons Level 1, Zerg Ground Armor Level 1  
  53  6:09  Drone x3  
  59  6:16  Drone  
  60  6:23  Drone x2  
  56  6:30  Drone  
  54  6:33  Pathogen Glands  
  54  6:35  Queen  
  54  6:38  Burrow  
  56  6:41  Drone  
  56  6:45  Zergling x2  
  56  6:46  Zergling x10  
  63  6:51  Drone, Spore Crawler  
  63  6:52  Zergling x2  
  63  6:53  Baneling Nest  
  63  7:01  Zergling x4  
  60  7:10  Drone x2  
  62  7:17  Overlord x3  
  62  7:18  Overlord  
  62  7:24  Overlord, Spore Crawler  
  61  7:35  Infestor x5  
  71  7:43  Drone x3  
  74  7:45  Drone x3  
  74  7:50  Queen  
  79  7:59  Zergling x4  
  81  8:06  Zerg Melee Weapons Level 2  
  81  8:07  Zerg Ground Armor Level 2  
  81  8:08  Drone  
  81  8:09  Drone  
  83  8:13  Queen  
  83  8:16  Queen  
  87  8:23  Baneling  
  87  8:24  Baneling x3  
  69  8:56  Drone x2  
  69  8:57  Drone x3  
  64  9:12  Drone  
  64  9:13  Drone x7  
  72  9:21  Drone x9  
  81  9:25  Drone  
  81  9:29  Overlord  
  81  9:30  Hive  
  82  9:41  Neural Parasite  
  82  9:42  Infestor x2  
  86  9:47  Zergling x4  
  86  9:52  Zergling x2  
  89  9:53  Zergling x6  
  89  9:56  Overlord  
  93  10:00  Zergling x4  
  93  10:06  Infestor x2  
  97  10:07  Extractor  
  97  10:08  Extractor  
  97  10:10  Centrifical Hooks  
  89  10:23  Drone x3  
  89  10:24  Drone x2  
  89  10:25  Drone x4  
  89  10:26  Drone x2  
  100  10:37  Zergling x4  
  100  10:42  Baneling x9  
  102  10:47  Hatchery  
  102  10:48  Zergling x8  
  102  10:49  Zergling x2  
  101  10:55  Zergling x6  
  96  11:11  Ultralisk Cavern, Zerg Melee Weapons Level 3  
  92  11:28  Zergling x4  
  90  11:33  Zergling x2  
  90  11:34  Zergling x4  
  93  11:51  Zergling x16  
  101  11:55  Adrenal Glands  
  101  11:56  Hatchery  
  101  12:00  Overseer  
  100  12:02  Zergling x2  
  100  12:03  Zergling x2  
  93  12:24  Zergling x18  
  99  12:34  Zergling x2  
  99  12:35  Zergling x8  
  99  12:48  Zergling x8  
  100  12:54  Zergling x2  
  100  12:55  Chitinous Plating  
  101  13:07  Ultralisk x3  
  101  13:09  Zergling x2  
  117  13:19  Ultralisk  
  111  13:31  Drone x4  
  111  13:32  Drone x2  
  116  13:34  Extractor  
  116  13:36  Extractor, Ultralisk  
  120  13:41  Drone  
  120  13:42  Drone  
  120  13:43  Ultralisk  
  128  13:52  Extractor  
  125  14:06  Overlord x2  
  125  14:07  Overlord  
  125  14:19  Overlord x2  
  125  14:26  Hatchery  
Show
View Real Time Build Order
Export as new Build Order

AviloBunkBed Protoss 

Build Orders: Oracle Opening 

Get SALT Encoding   

  12  0:00  Probe (Chrono Boost)  
  13  0:11  Probe (Chrono Boost)  
  14  0:22  Pylon  
  14  0:23  Probe (Chrono Boost)  
  15  0:40  Probe (Chrono Boost)  
  15  0:42  Gateway  
  16  0:51  Probe (Chrono Boost)  
  16  0:52  Assimilator  
  17  0:57  Assimilator  
  17  1:01  Probe (Chrono Boost)  
  18  1:12  Gateway  
  18  1:15  Probe (Chrono Boost)  
  20  1:25  Probe (Chrono Boost)  
  20  1:33  Cybernetics Core  
  20  1:36  Probe (Chrono Boost)  
  21  1:46  Probe (Chrono Boost)  
  22  1:49  Pylon  
  22  2:07  Pylon  
  22  2:18  Pylon  
  22  2:20  Mothership Core (Chrono Boost)  
  23  2:25  Stargate  
  22  2:36  Pylon  
  21  2:38  Probe (Chrono Boost)  
  21  2:39  Pylon  
  19  2:49  Probe (Chrono Boost)  
  19  2:51  Warp Gate  
  20  3:01  Probe (Chrono Boost)  
  22  3:13  Probe (Chrono Boost)  
  22  3:15  Adept x2  
  26  3:26  Oracle, Probe (Chrono Boost)  
  30  3:38  Probe (Chrono Boost)  
  31  3:50  Probe (Chrono Boost)  
  32  3:57  Oracle  
  35  4:15  Probe (Chrono Boost)  
  32  4:24  Nexus  
  32  4:29  Probe (Chrono Boost)  
  33  4:35  Pylon  
  33  4:44  Nexus  
  34  4:45  Probe (Chrono Boost)  
  33  4:57  Adept  
  33  4:58  Adept  
  37  5:02  Probe (Chrono Boost)  
  38  5:08  Pylon  
  38  5:21  Oracle, Probe (Chrono Boost)  
  42  5:31  Pylon  
  42  5:34  Probe (Chrono Boost)  
  43  5:46  Probe (Chrono Boost)  
  45  5:58  Probe (Chrono Boost)  
  41  6:04  Oracle  
  41  6:07  Adept x2  
  41  6:10  Probe (Chrono Boost)  
  49  6:12  Probe (Chrono Boost)  
  49  6:17  Twilight Council  
  50  6:22  Probe (Chrono Boost)  
  50  6:24  Probe (Chrono Boost)  
  50  6:33  Adept  
  50  6:34  Adept, Probe (Chrono Boost)  
  50  6:35  Probe (Chrono Boost)  
  50  6:36  Oracle  
  56  6:44  Resonating Glaives  
  56  6:45  Probe (Chrono Boost)  
  56  6:46  Probe (Chrono Boost)  
  61  6:56  Probe (Chrono Boost)  
  61  6:59  Probe (Chrono Boost)  
  63  7:03  Adept  
  63  7:04  Adept  
  63  7:06  Probe (Chrono Boost)  
  68  7:11  Probe (Chrono Boost)  
  69  7:19  Pylon  
  70  7:24  Assimilator  
  70  7:25  Pylon  
  70  7:28  Pylon, Probe (Chrono Boost), Assimilator  
  70  7:32  Oracle  
  70  7:36  Robotics Facility  
  70  7:39  Probe (Chrono Boost)  
  70  7:43  Probe (Chrono Boost)  
  70  7:44  Adept  
  77  7:48  Adept  
  80  8:05  Gateway  
  79  8:07  Forge, Gateway  
  79  8:11  Adept x2  
  83  8:12  Pylon  
  74  8:49  Adept  
  74  8:50  Adept, Protoss Ground Weapons Level 1  
  74  8:52  Immortal  
  74  8:56  Robotics Bay  
  74  9:01  Probe (Chrono Boost)  
  68  9:03  Adept x2, Probe (Chrono Boost)  
  70  9:13  Probe (Chrono Boost)  
  70  9:15  Probe (Chrono Boost)  
  70  9:18  Gateway x2  
  71  9:25  Probe (Chrono Boost)  
  71  9:27  Probe (Chrono Boost)  
  72  9:32  Observer, Sentry  
  72  9:33  Sentry x3  
  79  9:49  Pylon, Colossus  
  79  9:52  Pylon  
  79  9:53  Pylon  
  79  9:56  Extended Thermal Lance  
  85  10:05  Adept x4  
  93  10:10  Probe (Chrono Boost)  
  93  10:12  Probe (Chrono Boost)  
  87  10:22  Probe (Chrono Boost)  
  87  10:24  Nexus  
  88  10:30  Probe (Chrono Boost)  
  88  10:38  Probe (Chrono Boost)  
  88  10:40  Robotics Facility  
  88  10:42  Probe (Chrono Boost)  
  90  10:43  Pylon  
  91  10:50  Probe (Chrono Boost)  
  91  10:54  Colossus, Probe (Chrono Boost)  
  88  11:02  Probe (Chrono Boost)  
  91  11:06  Probe (Chrono Boost)  
  91  11:11  Protoss Ground Weapons Level 2, Adept x2  
  96  11:15  Probe (Chrono Boost)  
  98  11:19  Probe (Chrono Boost)  
  77  11:34  Probe (Chrono Boost)  
  77  11:39  Colossus  
  83  11:41  Adept x2  
  83  11:42  Adept, Probe (Chrono Boost)  
  83  11:44  Adept  
  86  11:49  Observer  
  86  11:56  Stalker x2  
  90  12:01  Photon Cannon  
  90  12:04  Photon Cannon  
  90  12:05  Sentry x3  
  94  12:16  Probe (Chrono Boost)  
  94  12:17  Probe x2 (Chrono Boost)  
  93  12:24  Adept x3  
  85  12:31  Mothership Core (Chrono Boost)  
  85  12:34  Adept x2  
  75  12:44  Colossus  
  74  12:59  Probe (Chrono Boost)  
  74  13:03  Adept x3  
  74  13:05  Adept x3  
  73  13:26  Adept x3  
  73  13:44  Templar Archives  
  73  13:48  Observer  
  74  14:12  Nexus  
  74  14:17  Pylon  
Tags
 
Add a new tag
Caveats
  • Supply blocks, unpowered buildings, or Contaminate may cause inaccurate times.
  • Supply counts are checked every 10 seconds.